 Dungeon Crawl Stone Soup version 0.19.0-11-g3fc08b3 (webtiles) character file.

3713 thirtiethelement the Carver (level 10, -3/67 HPs)
             Began as an Octopode Wanderer on Nov 8, 2016.
             Was a Priest of Okawaru.
             Slain by an orc warrior
             ... wielding a +0 battleaxe
              (21 damage)
             ... on level 8 of the Dungeon.
             The game lasted 00:55:46 (6378 turns).

thirtiethelement the Carver (Octopode Wanderer)     Turns: 6378, Time: 00:55:48

Health: -3/67      AC:  1    Str: 17    XL:     10   Next: 14%
Magic:  10/10      EV: 15    Int: 13    God:    Okawaru [***...]
Gold:   129        SH: 10    Dex: 14    Spells: 0 memorised, 9 levels left

rFire  x . .     SeeInvis .     i - +1 scimitar
rCold  + . .     Gourm    .     h - +1 buckler
rNeg   . . .     Faith    .     (helmet restricted)
rPois  .         Spirit   .     m - +4 amulet of reflection
rElec  .         Reflect  +     g - ring of ice
rCorr  .         Harm     .     l - +3 ring of slaying
MR     .....                    w - +3 ring of dexterity
Stlth  +++++.....               a - ring of flight
                                (no ring)
                                (no ring)
                                (no ring)
                                (no ring)

@: no status effects
A: almost no armour, stealthy swim, amphibious, 8 rings, constrict 8, camouflage
1, gelatinous body 1
a: Heroism, Renounce Religion, Evoke Flight


You were on level 8 of the Dungeon.
You worshipped Okawaru.
Okawaru was most pleased with you.
You were not hungry.

You visited 2 branches of the dungeon, and saw 9 of its levels.

You collected 321 gold pieces.
You spent 192 gold pieces at shops.

Inventory:

Hand Weapons
 d - a +0 blowgun
 e - a +0 dagger
 i - a +1 scimitar (weapon)
 n - a cursed -2 short sword
Missiles
 c - 32 poisoned needles
Armour
 h - a +1 buckler (worn)
Jewellery
 a - a ring of flight (on tentacle)
 g - a ring of ice (left tentacle)
 l - a +3 ring of slaying (right tentacle)
 m - a +4 amulet of reflection (around mantle)
 w - a +3 ring of dexterity (on tentacle)
Wands
 u - a wand of polymorph (8/24)
 v - a wand of polymorph (6/24)
Scrolls
 r - 6 scrolls of remove curse
 y - a scroll of amnesia
Potions
 j - a potion of might
 k - a potion of ambrosia
 q - a potion of brilliance
 t - a potion of haste
 x - a potion of curing
 z - a potion of invisibility
 A - a potion of heal wounds {unknown}
 B - 2 potions of resistance {unknown}
Books
 b - the Papyrus of the Unstoppable Wars

   Spells                             Type                      Level
   a - Sandblast                      Earth                        1
   b - Stone Arrow                    Conjuration/Earth            3
 f - a book of Air

   Spells                             Type                      Level
   a - Shock                          Conjuration/Air              1
   b - Swiftness                      Charms/Air                   2
   c - Repel Missiles                 Charms/Air                   2
   d - Static Discharge               Conjuration/Air              3
   e - Lightning Bolt                 Conjuration/Air              5
Comestibles
 o - 4 bread rations
 p - 3 fruits
 s - 2 beef jerkies
 C - a meat ration


   Skills:
 * Level 5.6 Fighting
 * Level 9.5 Long Blades
 - Level 1.0 Throwing
 * Level 4.5 Dodging
 * Level 9.4 Stealth
 * Level 4.7 Shields
   Level 3.0 Transmutations


You had 9 spell levels left.
You didn't know any spells.

Dungeon Overview and Level Annotations

Branches:
Dungeon (8/15)             Temple (1/1) D:6
   Lair: D:8-11

Altars:
Cheibriados
Fedhas
Gozag
Makhleb
Okawaru
Qazlal
Sif Muna
Trog
Xom
Zin
The Shining One

Shops:
D:6 *


Innate Abilities, Weirdness & Mutations

You cannot wear most types of armour.
You are very stealthy in the water. (Stealth+)
You are amphibious.
You can wear up to eight rings at the same time.
You can use your tentacles to constrict eight enemies at once.
Your skin changes colour to match your surroundings (Stealth+).
Your rubbery body absorbs attacks. (AC +1, EV +1)


Message History

The orc priest is severely wounded.
You hit the orc priest.
You kill the orc priest!
Okawaru accepts your kill.
You constrict the orc. The orc barely misses you.
You hit the orc.
The orc is severely wounded.
You constrict the orc.
You kill the orc!
Okawaru accepts your kill. The orc hits you with a whip.
* * * LOW HITPOINT WARNING * * *
You hit the orc warrior. You grab the orc warrior.
The orc warrior is lightly wounded.
You constrict the orc warrior. The orc wizard misses you.
You riposte.
You slash the orc wizard! You grab the orc wizard.
The orc wizard is severely wounded.
The orc barely misses you.
The orc warrior hits you with a battleaxe!!
You die...

... ... #.. #[#
.. ... ###
#.##.### ....
#......
.....#..#.#######
......ooo........
#@#.# #.o.# #...#
#...# #...# #...#
#...## #....#
######....#


You could see an orc warrior, an orc wizard and 2 orcs.

Vanquished Creatures
  An oklob plant (D:7)
  Grinder (D:5)
  A hippogriff (D:8)
  A spriggan (D:7)
  Eustachio (D:5)
  Menkaure (D:7)
  A water moccasin (D:6)
  2 orc warriors (D:7)
  2 necrophages
  3 ogres
  The ghost of FoghornLeghorn the Chopper, an amateur HOGl (D:3)
  4 centaurs
  A crocodile (D:7)
  3 bullfrogs
  A water moccasin skeleton (D:4)
  A scorpion (D:6)
  3 wights (D:6)
  3 howler monkeys (D:7)
  3 centaur zombies
  A hound (D:6)
  2 orc priests
  A centaur skeleton (D:4)
  An iron imp (D:7)
  2 orc wizards
  6 worker ants
  A killer bee zombie (D:6)
  A hound skeleton (D:6)
  A worker ant zombie (D:5)
  Robin (D:3)
  4 gnolls (D:4)
  A howler monkey skeleton (D:4)
  12 adders
  2 shadow imps
  An ooze (D:4)
  An adder zombie (D:6)
  4 adder skeletons
  4 worms
  A dart slug (D:1)
  3 leopard geckos
  18 orcs
  5 giant cockroaches
  10 goblins
  11 hobgoblins
  9 jackals
  5 kobolds
  2 quokkas
  12 bats
  3 frilled lizards
  A jackal skeleton (D:6)
  A jackal zombie (D:7)
  10 rats
171 creatures vanquished.

Vanquished Creatures (others)
  A goblin (D:3)
1 creature vanquished.

Grand Total: 172 creatures vanquished

Notes
Turn   | Place    | Note
-------+----------+-------------------------------------------
     0 | D:1      | thirtiethelement the Octopode Wanderer began the quest for the Orb.
     0 | D:1      | thirtiethelement set off with: a +2 falchion, the Papyrus of the Unstoppable Wars, 12 poisoned needles, a +0 blowgun, a +0 dagger, a bread ration
     0 | D:1      | Reached XP level 1. HP: 14/14 MP: 1/1
   111 | D:1      | Reached XP level 2. HP: 13/20 MP: 2/2
   537 | D:2      | Reached XP level 3. HP: 24/25 MP: 3/3
  1026 | D:2      | Found a glowing golden altar of the Shining One.
  1053 | D:2      | Found a shimmering altar of Xom.
  1162 | D:2      | Reached skill level 1 in Shields
  1162 | D:2      | Reached XP level 4. HP: 31/31 MP: 4/4
  1619 | D:3      | Noticed Robin
  1630 | D:3      | Killed Robin
  1721 | D:3      | Noticed FoghornLeghorn's ghost (amateur HOGl)
  1732 | D:3      | Killed FoghornLeghorn's ghost
  1732 | D:3      | Reached XP level 5. HP: 25/36 MP: 5/5
  2324 | D:3      | Reached XP level 6. HP: 40/42 MP: 6/6
  2830 | D:4      | Reached skill level 5 in Stealth
  3156 | D:4      | Reached XP level 7. HP: 44/46 MP: 7/7
  3255 | D:5      | Entered Level 5 of the Dungeon
  3338 | D:5      | Noticed Grinder
  3342 | D:5      | Paralysed by Grinder for 6 turns
  3351 | D:5      | Killed Grinder
  3411 | D:5      | Reached skill level 5 in Long Blades
  3503 | D:5      | Reached XP level 8. HP: 44/54 MP: 8/8
  3620 | D:5      | Noticed Eustachio
  3652 | D:5      | Killed Eustachio
  3852 | D:6      | Found a staircase to the Ecumenical Temple.
  3879 | Temple   | Entered the Ecumenical Temple
  3968 | Temple   | Became a worshipper of Warmaster Okawaru
  4022 | D:6      | Found Uzebas's General Store.
  4034 | D:6      | Bought an uncursed ring of flight for 192 gold pieces
  4447 | D:6      | Found a burning altar of Makhleb.
  4454 | D:6      | Reached * piety under Okawaru
  4602 | D:6      | Reached XP level 9. HP: 40/58 MP: 9/9
  4970 | D:7      | Found a shimmering altar of Xom.
  4970 | D:7      | Noticed an oklob plant
  5008 | D:7      | HP: 3/60 [centaur zombie (7)]
  5302 | D:7      | Reached skill level 5 in Fighting
  5343 | D:7      | Killed an oklob plant
  5343 | D:7      | Reached ** piety under Okawaru
  5729 | D:7      | Found a stormy altar of Qazlal.
  6010 | D:7      | Noticed Menkaure
  6013 | D:7      | Found a snail-covered altar of Cheibriados.
  6024 | D:7      | Killed Menkaure
  6189 | D:7      | Reached XP level 10. HP: 66/66 MP: 10/10
  6356 | D:8      | Reached *** piety under Okawaru
  6378 | D:8      | Slain by an orc warrior

Skill      XL: |  1  2  3  4  5  6  7  8  9 |
---------------+----------------------------+-----
Stealth        | 3 4 5 6 7 9 |  9.4
Fighting       | 3 4 5 |  5.6
Shields        | 1 2 3 4 |  4.7
Long Blades    | 2 3 5 7 9 |  9.5
Dodging        | 2 3 4 |  4.5
Throwing       | |  1.0
Transmutations | |  3.0

Action                   |  1- 3 |  4- 6 |  7- 9 | 10-12 || total
-------------------------+-------+-------+-------+-------++-------
Melee: Falchion          |    33 |       |       |       ||    33
       Constrict         |    16 |    23 |    39 |     8 ||    86
       Tentacles         |     7 |    12 |    29 |     3 ||    51
       Scimitar          |    15 |    96 |   155 |    25 ||   291
  Use: Scroll            |     5 |     6 |     5 |       ||    16
       Potion            |       |     2 |     4 |       ||     6
 Stab: Sleeping          |     6 |    13 |    16 |     2 ||    37
       Distracted        |       |       |     1 |     1 ||     2
  Eat: Bread ration      |     1 |     1 |       |       ||     2
       Meat ration       |       |       |     1 |       ||     1
       Royal jelly       |       |       |     2 |       ||     2
Armor: Skin              |     5 |    29 |     1 |     1 ||    36
Dodge: Dodged            |    33 |    52 |    50 |    10 ||   145
Block: Buckler           |     3 |    44 |    62 |     8 ||   117
       Reflection        |       |     3 |     1 |       ||     4
       Rpst.: Falchion   |     8 |       |       |       ||     8
       Scimitar          |       |    20 |    14 |     4 ||    38
